 Dungeon Crawl Stone Soup version 0.30-a0-719-gcc4359ea44 (webtiles) character file.

Game seed: 196271951210049260

292 sircluck the Covered (level 6, -4/52 HPs)
             Began as a Hill Orc Fighter on Jan 26, 2023.
             Was a Believer of Nemelex Xobeh.
             Slain by an ogre
             ... wielding a +0 giant club
              (15 damage)
             ... on level 4 of the Dungeon.
             The game lasted 00:25:12 (3685 turns).

sircluck the Covered (Hill Orc Fighter)             Turns: 3685, Time: 00:25:13

Health: -4/52      AC: 10    Str: 20 (21) XL:     6   Next: 33%
Magic:  6/6        EV: 15    Int: 12 (14) God:    Nemelex Xobeh [**....]
Gold:   215        SH:  4    Dex:  7 (10) Spells: 5/5 levels left

rFire   . . .      SeeInvis .    g - +2 whip (venom)
rCold   . . .      Faith    .    c - +0 buckler
rNeg    . . .      Spirit   .    p - +4 ring mail
rPois   .          Reflect  .    (no helmet)
rElec   .          Harm     .    (no cloak)
rCorr   .          Rampage  .    (no gloves)
Will    .....                    (no boots) Stlth
                                 (no amulet)
HPRegen 0.28/turn                r - +6 ring of intelligence
MPRegen 0.10/turn                A - +5 ring of evasion

@: studying Dodging
A: no striking features
a: Renounce Religion, Draw Escape, Draw Destruction, Draw Summoning


You were on level 4 of the Dungeon.
You worshipped Nemelex Xobeh.
Nemelex Xobeh was pleased with you.
You visited 1 branch of the dungeon, and saw 4 of its levels.

You collected 215 gold pieces.

Inventory:

Hand Weapons
 a - a +0 war axe
 g - a +2 whip of venom (weapon)
 h - a +0 spear
 j - a +0 dagger of protection
 q - a +0 dagger of holy wrath
 v - the +5 dagger of the Empty Page {heavy, rC+ rN+ Str-2 Stlth+}
   (You found it on level 3 of the Dungeon)

   Str:       It affects your strength (-2).
   rC:        It protects you from cold.
   rN:        It protects you from negative energy.
   Stlth:     It makes you more stealthy.
 y - a +0 sling
Missiles
 e - 54 stones (quivered)
 D - 2 boomerangs of dispersal
Armour
 b - a +0 scale mail
 c - a +0 buckler (worn)
 k - a +0 leather armour
 l - a +0 ring mail
 p - a +4 ring mail (worn)
 z - a +2 leather armour of cold resistance
Jewellery
 r - a +6 ring of intelligence (left hand)
 x - a ring of fire
 A - a +5 ring of evasion (right hand)
Wands
 i - a wand of digging (5)
Scrolls
 m - 2 scrolls of teleportation {unknown}
 n - a scroll of poison {unknown}
 s - a scroll of acquirement {unknown}
 t - a scroll of fear {unknown}
 u - a scroll of enchant armour {unknown}
 w - a scroll of torment {unknown}
 C - 2 scrolls of amnesia {unknown}
Potions
 d - 3 potions of might
 f - a potion of ambrosia
 B - a potion of degeneration


   Skills:
 + Level 4.2 Fighting
 + Level 0.6 Short Blades
 + Level 3.9(4.3) Axes
 + Level 2.2(3.0) Maces & Flails
 + Level 5.0 Armour
 + Level 1.3 Dodging
 + Level 0.3 Stealth
 + Level 4.3 Shields


You had 5 spell levels left.
You didn't know any spells.
Your spell library contained the following spells:

 Spells                   Type           Power      Damage    Failure   Level
 Cigotuvi's Dreadful Rot  Necr/Pois/Air  0%         N/A       71%         2
 Dispel Undead            Necr           0%         3d6       100%        4
 Death Channel            Necr           0%         N/A       100%        6


Dungeon Overview and Level Annotations

Branches:
Dungeon (4/15)
 Temple: D:4-7

Altars:
Nemelex Xobeh
Sif Muna
Vehumet

Shops:
D:1 :


Message History

You block the ball python's attack. The ball python misses you.
You kill the ball python!
Found a scroll labelled KERIP OTWERYCK.
C - 2 scrolls labelled KERIP OTWERYCK (gained 1)
Okay, then.
A howler monkey comes into view.
The howler monkey howls!
You hear a shout!
The howler monkey hoots and howls with incredible vigour!
A howler monkey is nearby!
A howler monkey is nearby!
A howler monkey is nearby!
A howler monkey is nearby!
A howler monkey is nearby!
A howler monkey is nearby!
A howler monkey is nearby!
The howler monkey closely misses you.
You hit the howler monkey.
The howler monkey is poisoned.
The howler monkey is moderately wounded.
You block the howler monkey's attack.
The howler monkey attacks as you move away!
The howler monkey hits you.
An ogre comes into view. It is wielding a +0 giant club.
You block the howler monkey's attack.
The howler monkey hoots and howls with incredible vigour!
The howler monkey hoots and howls with incredible vigour!
You hit the howler monkey.
You kill the howler monkey!
Your Armour skill increases to level 5!
You see here a howler monkey corpse.
The ogre hits you with a +0 giant club!
You barely miss the ogre.
The ogre hits you with a +0 giant club!!
You whack the ogre!
The ogre is poisoned.
The ogre is moderately wounded.
The ogre attacks as you move away! The ogre hits you with a +0 giant club!
* * * LOW HITPOINT WARNING * * *
The ogre attacks as you move away! The ogre hits you with a +0 giant club!
You die...
Your body glows slightly and disappears.

########## .O.......#
.#######.####
#.†....### #.#......#
#. #.# #.#.##.#.#
#.####.### #.#....#.#
#........# #.#O#..#.#
#.......# #.#@#..#.#
#.......# #........#
#.......# ###.#.#.##
#.......#####.#.#.# .
#...............#.#
.###........#.##.###.#
...####.###.#.##.###.#
##.####........#.....#
#.......##.#..#<#####


You could see an ogre (very poisoned).

Vanquished Creatures
  A howler monkey (D:4)
  A hound (D:3)
  Jessica (D:3)
  Ijyb (D:3)
  Natasha (twice) (D:2)
  4 adders
  8 orcs (D:3)
  6 ball pythons
  7 bats
  6 endoplasms
  4 giant cockroaches
  5 hobgoblins
  A jackal (D:3)
  4 quokkas
  6 frilled lizards
  11 goblins
  5 kobolds
  6 rats
79 creatures vanquished.

Vanquished Creatures (others)
  62 plants
62 creatures vanquished.

Grand Total: 141 creatures vanquished

Notes
Turn   | Place    | Note
-------+----------+-------------------------------------------
     0 | D:1      | sircluck the Hill Orc Fighter began the quest for the Orb.
     0 | D:1      | Reached XP level 1. HP: 19/19 MP: 1/1
   239 | D:1      | Reached XP level 2. HP: 27/27 MP: 2/2
   446 | D:1      | Found Cejin's Book Emporium.
   900 | D:2      | Found a faded altar of an unknown god.
  1007 | D:2      | Prayed at the altar of an unknown god.
  1007 | D:2      | Became a worshipper of Nemelex Xobeh the Trickster
  1007 | D:2      | Reached * piety under Nemelex Xobeh
  1007 | D:2      | Received a gift from Nemelex Xobeh
  1072 | D:2      | Reached XP level 3. HP: 33/33 MP: 3/3
  1303 | D:2      | Noticed Natasha
  1312 | D:2      | Killed Natasha
  1313 | D:2      | Reached skill level 4 in Armour
  1313 | D:2      | Reached XP level 4. HP: 40/40 MP: 4/4
  1368 | D:2      | Noticed Natasha
  1381 | D:2      | Killed Natasha
  1382 | D:2      | Reached skill level 1 in Maces & Flails
  1637 | D:2      | Reached ** piety under Nemelex Xobeh
  1637 | D:2      | Received a gift from Nemelex Xobeh
  1959 | D:3      | Found a radiant altar of Vehumet.
  1966 | D:3      | Identified the +5 dagger of the Empty Page {heavy, rC+ rN+
                  | Str-2 Stlth+}
  2118 | D:3      | Noticed Ijyb
  2158 | D:3      | Killed Ijyb
  2159 | D:3      | Reached XP level 5. HP: 20/46 MP: 5/5
  2360 | D:3      | Reached skill level 1 in Dodging
  2966 | D:3      | Reached XP level 6. HP: 52/52 MP: 6/6
  3058 | D:3      | Noticed Jessica
  3074 | D:3      | Killed Jessica
  3104 | D:3      | Found a shimmering blue altar of Sif Muna.
  3674 | D:4      | Reached skill level 5 in Armour
  3685 | D:4      | Slain by an ogre

Illustrated notes

Levels and vault maps discovered:
D:1:      wander_arrival_chamber, layout_basic, serial_shops,
          nicolae_shop_statue_plus, feat_on_display
D:2:      layout_basic, ebering_ecumenical_altar_sacrificial,
          grunt_ministairs_11, uniq_natasha
D:3:      kennysheep_the_goblin_king, layout_loops_ring, fiery_altar_vehumet,
          tgw_sif, serial_bayou, serial_bayou_shore_b, serial_bayou_lagoon_a,
          serial_bayou_pond_d, serial_bayou_pond_b
D:4:      layout_loops_cross, nicolae_overflow_crystal_walls,
          lemuel_temple_firewalk_b, serial_bayou_lagoon_b

Skill      XL: |  1  2  3  4  5  6 |
---------------+-------------------+-----
Axes           | 3 |  3.9
Fighting       | 4 |  4.2
Armour         | 4 5 |  5.0
Maces & Flails | 1 2 |  2.2
Shields        | 4 |  4.3
Dodging        | 1 |  1.3
Short Blades   | |  0.6
Stealth        | |  0.3

Action                     |  1- 3 |  4- 6 || total
---------------------------+-------+-------++-------
  Melee: War axe           |    22 |       ||    22
         Whip              |    48 |   117 ||   165
         Dagger            |       |    99 ||    99
   Fire: Sling             |       |     1 ||     1
    Use: Scroll            |       |     3 ||     3
         Potion            |       |     4 ||     4
 Armour: Scale mail        |    33 |       ||    33
         Ring mail         |    12 |   116 ||   128
  Dodge: Dodged            |    45 |   108 ||   153
  Block: Buckler           |    23 |    49 ||    72

Table legend: (Time is in decaauts)
 A = Elapsed time spent in this place.
 B = Non-inter-level travel time spent in this place.
 C = Inter-level travel time spent in this place.
 D = Time resting spent in this place.
 E = Time spent auto-exploring this place.
 F = Levels seen in this place.
 G = Mean time per level.
                   A        B        C        D        E       F      G
               +--------+--------+--------+--------+--------+-----+--------+
         Total |   3809 |   3437 |    372 |      0 |   1301 |   4 |  952.2 |
       Dungeon |   3809 |   3437 |    372 |      0 |   1301 |   4 |  952.2 |
               +--------+--------+--------+--------+--------+-----+--------+

Top non-repeatable levels by time:
     D:3: 1560 daAuts
     D:2: 1009 daAuts
     D:1: 909 daAuts
     D:4: 330 daAuts
